 Dungeon Crawl Stone Soup version 0.30-a0-859-gf88a04b62d (webtiles) character file.

Game seed: 5596760103161562967

300 Dittersdorf the Shield-Bearer (level 6, -1/39 HPs)
             Began as a Gargoyle Fighter on Mar 6, 2023.
             Slain by Grinder (6 damage)
             ... on level 3 of the Dungeon.
             The game lasted 00:03:43 (2405 turns).

Dittersdorf the Shield-Bearer (Gargoyle Fighter)    Turns: 2405, Time: 00:03:43

Health: -1/39      AC: 14    Str: 21    XL:     6   Next: 36%
Magic:  6/6        EV:  7    Int:  9    God:
Gold:   181        SH:  4    Dex:  9    Spells: 5/5 levels left

rFire   . . .      SeeInvis .    l - +0 morningstar
rCold   . . .      Faith    .    c - +0 buckler
rNeg    + . .      Spirit   .    h - +0 chain mail
rPois   ∞          Reflect  .    (no helmet)
rElec   +          Rampage  .    (no cloak)
rCorr   .                        (no gloves)
Will    .....                    (no boots) Stlth
                                 (no amulet)
HPRegen 0.26/turn                (no ring)
MPRegen 0.10/turn                (no ring)

@: no status effects
A: sickness immunity, AC +4, negative energy resistance 1, electricity
resistance, torment resistance 1, petrification resistance
a: no special abilities


You were on level 3 of the Dungeon.
You visited 1 branch of the dungeon, and saw 3 of its levels.

You collected 181 gold pieces.

Inventory:

Hand Weapons
 l - a +0 morningstar (weapon)
Armour
 c - a +0 buckler (worn)
 h - a +0 chain mail (worn)
Scrolls
 b - a scroll of summoning {unknown}
 e - 2 scrolls of vulnerability {unknown}
 f - a scroll of noise {unknown}
 g - a scroll of enchant armour {unknown}
 m - a scroll of immolation {unknown}
 p - 2 scrolls of identify {unknown}
Potions
 a - a potion of resistance {unknown}
 d - a potion of might
 i - 3 potions of degeneration {unknown}
 j - a potion of curing {unknown}
 k - 3 potions of mutation {unknown}
 n - 2 potions of heal wounds {unknown}
 o - a potion of cancellation {unknown}


   Skills:
 + Level 4.6 Fighting
 + Level 3.6 Maces & Flails
 + Level 4.7 Armour
 + Level 4.7 Shields


You had 5 spell levels left.
You didn't know any spells.
Your spell library was empty.

Dungeon Overview and Level Annotations

Branches:
Dungeon (3/15)

Altars:
Hepliaklqana
Sif Muna

Annotations:
D:3 Grinder


Innate Abilities, Weirdness & Mutations

You are immune to sickness and miasma.
Your stone body is resilient. (AC +4)
You are immune to poison.
You resist negative energy. (rN+)
You are resistant to electric shocks. (rElec)
You are resistant to unholy torment.
You are immune to petrification.


Message History

The howler monkey hoots and howls with incredible vigour!
The jackal bites the plant.
The plant begins to die.
The hound bites you but does no damage.
The howler monkey hoots and howls with incredible vigour!
The jackal bites the plant.
You hear a bark!
You hear a shout! x2
You sock the hound!
You kill the hound!
Grinder gestures at you. Pain shoots through your body!
* * * LOW HITPOINT WARNING * * *
You barely miss the jackal.
The howler monkey hits the plant.
The jackal bites you but does no damage.
The howler monkey hits the plant!
The jackal splashes around in the water.
You hit the jackal.
The jackal is moderately wounded.
A nearby plant withers and dies.
Grinder blinks!
You block the jackal's attack.
The howler monkey hoots and howls with incredible vigour!
The jackal bites you but does no damage.
You barely miss the howler monkey. You block the howler monkey's attack.
You block the jackal's attack.
The howler monkey hoots and howls with incredible vigour!
You block the howler monkey's attack.
The jackal splashes around in the water.
You hear a bark!
Grinder attacks as you move away! Grinder hits you.
* * * LOW HITPOINT WARNING * * *
You writhe in agony.
* * * LOW HITPOINT WARNING * * *
The howler monkey attacks as you move away!
The howler monkey hits you but does no damage.
The howler monkey barely misses you.
The howler monkey attacks as you move away!
The howler monkey completely misses you.
The howler monkey attacks as you move away!
The howler monkey hits you.
* * * LOW HITPOINT WARNING * * *
Grinder attacks as you move away! Grinder hits you.
You die...

####################
#...............†...
#...................
#....~≈≈~~≈~≈≈~≈~~≈≈
#..h.≈≈≈≈≈≈≈≈≈≈≈≈≈≈≈
#....~≈#####~≈~~≈≈~~
#.h..~~#...#........
#.h5P~≈#...#########
#..@.~≈###'#
#....~≈~.#.. ####
#.P..~≈≈.# #...
#....~≈≈.# ''##. #
#....~~~.# ....go#
#....~≈~.# ...ooh.
#....~≈~.# ''#####
#....~≈~.#
#....≈≈≈.#


You could see Grinder, 2 howler monkeys and a jackal.

Vanquished Creatures
  2 hounds (D:3)
  An orc wizard (D:3)
  5 adders
  8 gnolls (D:3)
  A dart slug (D:3)
  8 orcs (D:3)
  7 ball pythons
  5 endoplasms
  A giant cockroach (D:1)
  2 goblins
  5 hobgoblins
  15 jackals
  3 quokkas (D:1)
  9 bats
  7 frilled lizards
  3 kobolds
  8 rats
90 creatures vanquished.

Vanquished Creatures (others)
  A fungus (D:3)
  2 plants (D:3)
3 creatures vanquished.

Grand Total: 93 creatures vanquished

Notes
Turn   | Place    | Note
-------+----------+-------------------------------------------
     0 | D:1      | Dittersdorf the Gargoyle Fighter began the quest for the
                  | Orb.
     0 | D:1      | Reached XP level 1. HP: 14/14 MP: 1/1
   132 | D:1      | Reached XP level 2. HP: 17/19 MP: 2/2
   585 | D:1      | Reached XP level 3. HP: 23/23 MP: 3/3
  1215 | D:2      | Reached XP level 4. HP: 28/29 MP: 4/4
  1686 | D:3      | Found a hazy altar of Hepliaklqana.
  1734 | D:3      | Reached XP level 5. HP: 31/33 MP: 5/5
  1765 | D:3      | Found a shimmering blue altar of Sif Muna.
  2072 | D:3      | Reached XP level 6. HP: 14/39 MP: 6/6
  2363 | D:3      | Noticed Grinder
  2384 | D:3      | Paralysed by Grinder for 4 turns
  2405 | D:3      | Slain by Grinder

Illustrated notes

Levels and vault maps discovered:
D:1:      grunt_arrival_lava_bath, layout_loops_ring
D:2:      layout_loops_ring, kennysheep_generic_room_11
D:3:      lemuel_castle_with_subvaults [lemuel_castle_interior_carwin_2],
          layout_loops_cross, lemuel_crystal_altar,
          nicolae_sif_muna_little_library, uniq_grinder

Skill      XL: |  1  2  3  4 |
---------------+-------------+-----
Armour         | 4 |  4.7
Shields        | 4 |  4.7
Fighting       | 4 |  4.6
Maces & Flails | 3 |  3.6

Action                     |  1- 3 |  4- 6 || total
---------------------------+-------+-------++-------
  Melee: Flail             |   136 |       ||   136
         Morningstar       |    30 |   171 ||   201
 Armour: Scale mail        |    30 |       ||    30
         Chain mail        |    90 |   200 ||   290
  Dodge: Dodged            |    85 |   105 ||   190
  Block: Buckler           |    36 |    74 ||   110

Table legend: (Time is in decaauts)
 A = Elapsed time spent in this place.
 B = Non-inter-level travel time spent in this place.
 C = Inter-level travel time spent in this place.
 D = Time resting spent in this place.
 E = Time spent auto-exploring this place.
 F = Levels seen in this place.
 G = Mean time per level.
                   A        B        C        D        E       F      G
               +--------+--------+--------+--------+--------+-----+--------+
         Total |   2530 |   2380 |    150 |      0 |   1582 |   3 |  843.3 |
       Dungeon |   2530 |   2380 |    150 |      0 |   1582 |   3 |  843.3 |
               +--------+--------+--------+--------+--------+-----+--------+

Top non-repeatable levels by time:
     D:3: 894 daAuts
     D:2: 827 daAuts
     D:1: 808 daAuts
